Map: Simulacrum LE

Players

Speakthen

  • Race: Terran Terran
  • League: Grandmaster
  • Spawn Location: 5:00

BerryRAWR - Winner!

  • Race: Terran Terran
  • League: Grandmaster
  • Spawn Location: 11:00

VOD

Have the link to the VOD?

Description

Time

  • Played on: Feb. 24, 2020, 1:20 a.m.
  • Length: 15:29
Show
View Real Time Build Order
Export as new Build Order

Speakthen Terran 

Build Orders:  

Get SALT Encoding   

  12  0:00  SCV  
  13  0:13  SCV  
  14  0:17  Supply Depot  
  14  0:25  SCV  
  15  0:30  Refinery  
  15  0:38  SCV  
  16  0:44  Barracks  
  16  0:50  SCV  
  16  0:55  Refinery  
  17  1:03  SCV  
  18  1:15  SCV  
  19  1:31  Orbital Command, Reaper  
  20  1:38  Factory  
  20  1:51  Supply Depot  
  20  1:56  SCV  
  21  2:03  Reaper  
  22  2:08  SCV  
  23  2:21  SCV  
  23  2:22  Hellion  
  26  2:32  Command Center  
  26  2:36  SCV  
  27  2:38  Reaper  
  30  2:44  Hellion  
  30  2:49  Supply Depot  
  30  2:54  SCV  
  31  3:03  Starport  
  31  3:10  SCV  
  31  3:12  Factory Tech Lab, Barracks Tech Lab  
  32  3:22  SCV  
  31  3:32  Cyclone  
  34  3:35  SCV  
  35  3:47  SCV  
  36  3:49  Orbital Command  
  36  3:55  Refinery  
  36  3:59  SCV  
  36  4:02  Raven  
  39  4:04  Cyclone  
  41  4:10  Barracks Reactor  
  41  4:11  SCV  
  41  4:15  SCV  
  41  4:16  Supply Depot  
  43  4:23  SCV  
  44  4:25  Command Center  
  44  4:27  SCV  
  45  4:36  SCV  
  46  4:39  SCV  
  47  4:48  SCV, Siege Tank  
  47  4:51  SCV, Supply Depot  
  52  5:00  SCV  
  52  5:06  Stimpack  
  53  5:08  SCV  
  53  5:10  Starport Reactor  
  53  5:11  Barracks  
  53  5:12  SCV, Barracks  
  55  5:20  Siege Tank  
  59  5:24  Engineering Bay  
  59  5:25  Engineering Bay  
  59  5:26  Marine  
  61  5:30  SCV x2  
  61  5:37  Refinery  
  61  5:38  Orbital Command  
  61  5:42  SCV x2  
  63  5:44  Marine  
  64  5:51  Terran Infantry Weapons Level 1, Terran Infantry Armor Level 1  
  64  5:54  SCV x2  
  66  5:57  Siege Tank  
  66  6:00  Starport Reactor  
  66  6:01  Marine x2  
  66  6:03  Marine  
  72  6:06  SCV x2  
  72  6:09  Orbital Command  
  74  6:16  Marine  
  74  6:17  Marine  
  76  6:18  SCV x2  
  76  6:22  Barracks x2  
  76  6:24  Marine, Supply Depot  
  76  6:25  Marine x2  
  81  6:26  Orbital Command  
  81  6:30  SCV  
  81  6:31  SCV  
  81  6:43  SCV  
  73  6:51  Marine x4  
  69  6:57  SCV x2, Marine  
  59  7:02  Medivac x2  
  63  7:08  Marine x2  
  63  7:10  Combat Shield, Barracks Reactor x2  
  63  7:14  SCV x2  
  67  7:21  Marine x3  
  62  7:24  Orbital Command  
  62  7:26  Marine x2, Siege Tank  
  62  7:32  Medivac  
  64  7:39  Marine x2  
  65  7:46  Marine x3  
  65  7:47  Marine x2  
  66  7:52  SCV  
  66  7:53  SCV  
  66  7:56  Armory  
  66  7:58  Marine x4  
  69  8:04  Marine x3, Siege Tank  
  69  8:05  Marine x2  
  80  8:08  Medivac x2  
  80  8:09  SCV x2  
  80  8:10  Orbital Command  
  86  8:16  Marine  
  86  8:21  SCV  
  86  8:22  SCV  
  88  8:29  Marine  
  88  8:30  Marine x4  
  93  8:40  Supply Depot  
  93  8:43  Terran Infantry Weapons Level 2, Terran Infantry Armor Level 2  
  93  8:44  Terran Vehicle Weapons Level 1  
  93  8:58  SCV, Marine  
  93  8:59  Marine x4, SCV  
  93  9:00  SCV, Marine  
  93  9:01  Marine x3  
  83  9:15  Siege Tank  
  83  9:16  Marine  
  83  9:17  Marine x4  
  79  9:18  Marine  
  79  9:19  Marine x3  
  79  9:21  SCV x3  
  90  9:33  SCV x2  
  90  9:34  Marine x3  
  90  9:35  Marine x2  
  90  9:36  Marine  
  90  9:37  Marine  
  99  9:39  Marine  
  99  9:40  Marine  
  99  9:45  Refinery x2  
  101  9:46  Supply Depot  
  101  10:05  Viking  
  101  10:07  Viking  
  101  10:08  Siege Tank  
  106  10:18  SCV  
  106  10:21  Factory  
  107  10:22  Command Center  
  107  10:23  Marine x2  
  107  10:27  Supply Depot x2  
  109  10:28  Barracks Reactor  
  109  10:38  Sensor Tower  
  109  10:40  Supply Depot x2  
  109  10:42  Supply Depot  
  109  10:44  Marine x3, SCV, Medivac x2, Supply Depot  
  109  10:46  Terran Vehicle Weapons Level 2  
  109  10:48  Marine x3, SCV x2, Siege Tank  
  109  10:49  Marine x2  
  127  11:02  Marine x3  
  128  11:06  Marine x3  
  131  11:16  Siege Tank  
  131  11:17  Medivac x2  
  138  11:21  Siege Tank  
  138  11:25  Marine x3  
  142  11:26  Marine x7  
  151  11:38  Terran Infantry Armor Level 3, Terran Infantry Weapons Level 3  
  151  11:47  Viking x2  
  154  11:54  Marine  
  154  11:55  Marine x6  
  161  12:01  Siege Tank  
  161  12:04  Siege Tank  
  167  12:13  Planetary Fortress  
  167  12:21  Viking x2  
  171  12:26  Marine x6  
  171  12:27  Marine  
  178  12:30  SCV  
  178  12:31  SCV  
  180  12:49  Siege Tank  
  180  12:52  Siege Tank  
  180  12:58  Viking x2  
  180  13:01  Starport  
  180  13:02  Starport  
  180  13:04  Fusion Core  
  180  13:06  Marine x2  
  180  13:07  Marine x2  
  174  13:15  Command Center  
  174  13:22  Siege Tank  
  174  13:24  Siege Tank  
  174  13:25  Terran Ship Weapons Level 1  
  180  13:32  Sensor Tower  
  180  13:34  Supply Depot  
  180  13:36  Viking  
  182  13:45  Starport Reactor x2  
  182  13:49  Refinery x2  
  182  13:59  Siege Tank x2  
  159  14:22  Marine  
  159  14:23  Marine x9  
  139  14:40  Marine x2  
  139  14:41  Marine x3  
  139  14:45  Orbital Command  
  144  14:52  Marine  
  144  14:53  Siege Tank  
  144  14:56  Sensor Tower, Supply Depot  
  148  15:03  Supply Depot  
  148  15:04  Supply Depot  
Show
View Real Time Build Order
Export as new Build Order

BerryRAWR Terran - Winner!

Build Orders:  

Get SALT Encoding   

  12  0:00  SCV  
  13  0:16  SCV  
  13  0:17  Supply Depot  
  14  0:28  SCV  
  15  0:31  Refinery  
  15  0:40  SCV  
  16  0:46  Barracks  
  16  0:52  SCV  
  16  0:56  Refinery  
  17  1:04  SCV  
  18  1:16  SCV  
  20  1:38  Reaper  
  20  1:39  Factory  
  21  1:40  Orbital Command  
  20  1:57  Supply Depot  
  20  2:10  Reaper  
  20  2:13  SCV  
  22  2:23  Hellion  
  22  2:26  SCV  
  25  2:36  Command Center  
  25  2:38  SCV  
  25  2:42  Reaper  
  27  2:44  Hellion  
  27  2:50  Supply Depot  
  29  2:52  SCV  
  30  3:02  Starport  
  30  3:04  SCV  
  31  3:11  Factory Tech Lab  
  30  3:15  Barracks Reactor  
  30  3:22  SCV  
  30  3:31  Cyclone  
  31  3:34  SCV  
  31  3:40  Viking  
  34  3:51  Marine x2  
  34  3:54  SCV  
  37  4:06  SCV  
  37  4:14  Marine x2  
  39  4:18  SCV  
  39  4:20  Factory Tech Lab, Orbital Command  
  39  4:22  Refinery  
  40  4:30  SCV  
  39  4:32  Marine x2, Raven  
  43  4:42  SCV  
  43  4:44  Siege Tank  
  47  4:46  SCV  
  47  4:50  Marine x2  
  49  4:54  SCV  
  49  4:58  SCV  
  51  5:07  SCV, Marine, Supply Depot  
  52  5:08  Marine  
  52  5:13  Supply Depot  
  54  5:28  Raven  
  54  5:29  SCV x2, Marine, Siege Tank  
  54  5:34  Marine  
  63  5:37  Supply Depot  
  63  5:41  SCV x2  
  65  5:45  Supply Depot  
  65  5:47  Marine  
  66  5:52  Marine  
  66  5:53  SCV x2  
  66  5:55  Barracks  
  66  5:56  Barracks  
  69  6:01  Siege Tank  
  69  6:03  Refinery  
  72  6:05  SCV x2, Marine  
  76  6:16  Engineering Bay  
  76  6:17  SCV x2, Engineering Bay  
  77  6:29  SCV x2  
  77  6:30  Starport Reactor, Barracks  
  77  6:32  Barracks  
  75  6:33  Siege Tank  
  62  7:01  Marine  
  62  7:03  Barracks Reactor, Barracks Tech Lab  
  62  7:05  Terran Infantry Weapons Level 1, Terran Infantry Armor Level 1, Siege Tank  
  62  7:06  SCV  
  62  7:07  SCV  
  67  7:13  Command Center  
  67  7:17  Starport Reactor  
  67  7:19  Marine  
  63  7:29  Combat Shield  
  63  7:30  Marine x3  
  63  7:31  Stimpack  
  63  7:33  SCV x2  
  63  7:36  Marine  
  68  7:37  Marine  
  70  7:44  Command Center  
  70  7:45  Marine  
  70  7:47  Marine  
  70  7:49  Marine x2, Siege Tank  
  70  7:50  Marine x2  
  79  7:54  SCV x2  
  79  7:57  Marine  
  79  7:58  Marine  
  80  8:06  SCV  
  80  8:07  Marine x2  
  79  8:14  Marine  
  79  8:15  Marine x3  
  79  8:16  Marine  
  79  8:18  Medivac x2  
  85  8:20  SCV  
  85  8:25  SCV  
  87  8:31  Siege Tank  
  87  8:32  SCV  
  91  8:34  Marine x2  
  91  8:36  Marine  
  91  8:37  SCV  
  95  8:45  SCV  
  96  8:49  Marine x4, SCV  
  95  9:03  Orbital Command  
  83  9:13  Marine  
  83  9:14  Marine x2  
  82  9:17  Marine x3, Armory  
  82  9:18  Marine x2  
  82  9:19  Siege Tank  
  82  9:23  Factory, Planetary Fortress  
  90  9:25  SCV  
  90  9:26  SCV  
  92  9:31  Marine  
  92  9:32  Marine  
  92  9:33  Marine  
  92  9:35  Marine x3, SCV  
  92  9:38  SCV  
  100  9:41  Refinery  
  100  9:42  Refinery  
  100  9:44  SCV  
  100  9:45  Sensor Tower  
  101  9:47  SCV, Marine x2  
  104  9:53  Marine, Supply Depot  
  104  9:55  SCV, Supply Depot  
  105  10:03  SCV  
  105  10:06  SCV x2  
  108  10:08  SCV, Missile Turret  
  108  10:10  Missile Turret  
  108  10:11  Siege Tank  
  108  10:12  Factory Tech Lab  
  112  10:15  SCV  
  112  10:16  Marine x7  
  112  10:17  Marine  
  112  10:18  SCV  
  119  10:28  SCV x3  
  121  10:30  Terran Infantry Weapons Level 2  
  121  10:32  Terran Vehicle Weapons Level 1  
  121  10:33  Terran Infantry Armor Level 2  
  121  10:34  Marine x8  
  130  10:46  SCV  
  130  10:47  SCV  
  132  10:51  Marine, Refinery, Siege Tank x2  
  132  10:52  Marine, Supply Depot, Refinery  
  132  10:53  Supply Depot  
  138  11:09  Marine x2  
  140  11:13  Marine x4, SCV x2  
  140  11:15  Marine x2  
  148  11:22  Medivac  
  148  11:23  Medivac, Siege Tank  
  148  11:24  Command Center  
  155  11:27  Marine  
  155  11:28  Marine  
  155  11:31  Marine  
  155  11:32  Supply Depot  
  156  11:33  Supply Depot x2  
  156  11:35  Supply Depot  
  156  11:49  Marine  
  156  11:50  Marine x2, Supply Depot  
  156  11:51  Marine x3  
  156  11:52  Marine, Medivac, Siege Tank  
  156  11:53  Medivac  
  142  11:56  Siege Tank  
  142  11:59  Marine  
  143  12:07  Marine  
  143  12:08  Marine x3  
  141  12:09  Marine x3  
  147  12:17  Marine  
  147  12:18  Supply Depot  
  148  12:22  Medivac  
  148  12:24  Barracks, Siege Tank  
  148  12:25  Marine, Barracks  
  148  12:26  Marine x4  
  148  12:27  Marine x2  
  148  12:28  Siege Tank  
  163  12:35  Marine  
  164  12:43  Marine  
  164  12:44  Marine x4  
  166  12:45  Marine x2  
  166  12:52  Marine  
  166  12:56  Siege Tank  
  168  13:00  Medivac, Siege Tank  
  168  13:01  Marine x2  
  168  13:02  Marine x3  
  168  13:03  Marine x2  
  174  13:09  Terran Vehicle Weapons Level 2  
  174  13:10  Marine  
  174  13:11  SCV  
  174  13:12  SCV  
  174  13:15  Barracks Reactor x2  
  174  13:18  Marine  
  174  13:19  Marine x2  
  176  13:20  Marine x3  
  176  13:21  Marine  
  181  13:28  Marine, Siege Tank  
  181  13:29  SCV  
  181  13:32  Medivac x2, Siege Tank  
  193  13:36  Marine  
  193  13:37  Marine x3  
  193  13:38  Marine x2  
  193  13:39  Marine  
  200  13:50  Planetary Fortress  
  200  13:53  Missile Turret  
  200  13:57  Starport  
  200  13:58  Starport  
  198  14:08  Siege Tank x2  
  170  14:20  Medivac x2  
  159  14:27  Marine x2  
  159  14:31  Marine x3  
  160  14:32  Marine  
  160  14:38  Marine x2  
  163  14:39  Fusion Core  
  163  14:40  Siege Tank x2  
  163  14:44  Marine x5  
  163  14:45  Marine  
  177  14:50  Medivac x2  
  177  14:52  Command Center  
  180  14:53  Marine x2  
  182  15:01  Marine x2  
  182  15:02  Marine x5  
  195  15:19  Sensor Tower, Refinery  
  195  15:21  Refinery  
Tags
 
Add a new tag
Caveats
  • Supply blocks, unpowered buildings, or Contaminate may cause inaccurate times.
  • Supply counts are checked every 10 seconds.